 Dungeon Crawl Stone Soup version 0.24-a0-507-g3e8b242632 (webtiles) character file.

Game seed: 8562765501559376909

7167 Ablot the Magician (level 11, -2/84 HPs)
             Began as a Gnoll Skald on July 18, 2019.
             Was a Priest of Okawaru.
             Slain by a basilisk (4 damage)
             ... while petrified by a basilisk
             ... on level 10 of the Dungeon on July 19, 2019.
             The game lasted 00:28:46 (10960 turns).

Ablot the Magician (Gnoll Skald)                   Turns: 10960, Time: 00:28:46

Health: -2/84      AC:  8    Str: 16    XL:     11   Next: 11%
Magic:  19/22      EV:  2    Int: 15    God:    Okawaru [***...]
Gold:   444        SH:  0    Dex: 16    Spells: 14/25 levels left

rFire    . . .     SeeInvis .   a - +0 spear
rCold    + . .     Gourm    .   (no shield)
rNeg     + + +     Faith    .   H - +1 leather armour {rC+}
rPois    ∞         Spirit   .   (no helmet)
rElec    .         Reflect  .   I - +1 cloak
rCorr    .         Harm     .   (no gloves)
MR       .....                  x - +0 pair of boots
Stlth    ++++......             (no amulet)
HPRegen  0.24/turn              t - +4 ring of evasion
MPRegen  0.18/turn              A - ring of stealth

@: petrified
A: distributed training, fangs 1, strong nose
a: Heroism, Renounce Religion


You were on level 10 of the Dungeon.
You worshipped Okawaru.
Okawaru was most pleased with you.
You were hungry.

You visited 2 branches of the dungeon, and saw 11 of its levels.

You collected 483 gold pieces.
You spent 39 gold pieces at shops.

Inventory:

Hand Weapons
 a - a +0 spear (weapon)
 w - a +2 whip of venom
 B - the +9 war axe of a sewer {vamp, *Corrode Int+4 Dex+5}
   (You found it on level 4 of the Dungeon)

   It inflicts no extra harm, but heals its wielder when it wounds a living foe.
   It affects your intelligence (+4).
   It affects your dexterity (+5).
   It may corrode you when you take damage.
Missiles
 e - 422 stones
 g - 212 arrows
 h - 41 bolts
 j - 29 poisoned darts (quivered)
 n - 114 sling bullets
 v - 2 throwing nets
 C - 2 javelins
Armour
 x - a +0 pair of boots (worn)
 H - a +1 leather armour of cold resistance (worn)
 I - a +1 cloak (worn)
 N - a +0 troll leather armour
Magical Staves
 L - an uncursed staff of energy
Jewellery
 t - a +4 ring of evasion (left hand)
 A - a ring of stealth (right hand)
 O - an uncursed ring of magical power
Wands
 p - a wand of flame (35)
 K - a wand of acid (11)
Scrolls
 b - a scroll of blinking {unknown}
 f - a scroll of enchant armour {unknown}
 l - 7 scrolls of remove curse
 m - 6 scrolls of teleportation {unknown}
 o - 2 scrolls of fog {unknown}
 q - a scroll of amnesia {unknown}
 s - a scroll of noise {unknown}
 y - 3 scrolls of enchant weapon {unknown}
 z - 3 scrolls of fear {unknown}
 F - 2 scrolls of magic mapping {unknown}
Potions
 c - 2 potions of ambrosia
 i - 4 potions of heal wounds
 k - 2 potions of agility
 u - 3 potions of curing
 D - a potion of cancellation
 E - 2 potions of brilliance
 G - a potion of lignification {unknown}
 J - a potion of resistance {unknown}
Comestibles
 d - 14 rations
 r - 3 chunks of flesh


   Skills:
 + Level 7.5 Fighting
 + Level 5.8 Short Blades
 + Level 5.8 Long Blades
 + Level 5.8 Axes
 + Level 5.8 Maces & Flails
 + Level 7.5 Polearms
 + Level 5.8 Staves
 + Level 5.8 Slings
 + Level 5.8 Bows
 + Level 5.8 Crossbows
 + Level 5.8 Throwing
 + Level 6.4 Armour
 + Level 7.5 Dodging
 + Level 5.8 Stealth
 + Level 5.8 Shields
 + Level 5.8 Unarmed Combat
 + Level 7.8 Spellcasting
 + Level 4.8 Conjurations
 + Level 4.8 Hexes
 + Level 7.4 Charms
 + Level 4.8 Summonings
 + Level 4.8 Necromancy
 + Level 4.8 Translocations
 + Level 4.8 Transmutations
 + Level 4.8 Fire Magic
 + Level 4.8 Ice Magic
 + Level 4.8 Air Magic
 + Level 4.8 Earth Magic
 + Level 4.8 Poison Magic
 + Level 6.4 Invocations
 + Level 5.8 Evocations


You had 14 spell levels left.
You knew the following spells:

 Your Spells              Type           Power        Failure   Level  Hunger
a - Infusion              Chrm           ####         1%          1    None
b - Song of Slaying       Chrm           ####....     1%          2    None
c - Shroud of Golubria    Chrm/Tloc      ###...       1%          2    None
d - Regeneration          Chrm/Necr      ###.......   3%          3    ##.....
e - Spectral Weapon       Hex/Chrm       ###.....     3%          3    ##.....

Your spell library contained the following spells:

 Spells                   Type           Power        Failure   Level  Hunger


Dungeon Overview and Level Annotations

Branches:
Dungeon (10/15)            Temple (1/1) D:4            Lair (0/6) D:10
    Orc: D:9-12

Altars:
Ashenzari
Cheibriados
Dithmenos
Elyvilon
Fedhas
Gozag
Hepliaklqana
Kikubaaqudgha
Makhleb
Nemelex Xobeh
Okawaru
Qazlal
Ru
Sif Muna
Trog
Uskayaw
Vehumet
Wu Jian
Xom
Yredelemnul
Zin
The Shining One

Shops:
D:7 :**?

Annotations:
D:5 1 runed translucent door, skumtomte's ghost, novice HOBe
D:8 exclusions: death knight and manticore


Innate Abilities, Weirdness & Mutations

Your experience applies equally to all skills.
You have very sharp teeth.
Your uncanny sense of smell can sniff out nearby items.


Message History

You are feeling hungry.
The basilisk bites you. The basilisk gazes at you. You resist with some effort.
Your spectral weapon fades away.
The basilisk bites you!
The crocodile bites you but does no damage.
The basilisk bites you! The crocodile bites you!
* * * LOW HITPOINT WARNING * * *
The basilisk bites you!
* * * LOW HITPOINT WARNING * * *
The crocodile bites you!
* * * LOW HITPOINT WARNING * * *
The basilisk gazes at you. The crocodile bites you!
* * * LOW HITPOINT WARNING * * *
The basilisk bites you but does no damage.
The crocodile bites you but does no damage.
The basilisk bites you!
You die...

...........................##.#
.....##.#..#.##...#..##.#..##.#
##.#.##....................##.#
#.#.##..............##[#..##.##
#.............................#
#.#.##...........##.##.#..###.#
.........>...#...##...........#
#.#.###......†.l.......#..###.#
#............#t@..........# #.#
#.###..##..###.#######..# #.#
......(....†††..........# #.#
######.##.####.##.####.# #.# ∆∆
∆ #y #.####.##.# #.# #.# ∆∆ ..
..........# #.####.# ∆∆
y..##.#######.####......# ##..
....................# ...
...........########.#


You could see a basilisk and a crocodile.

Vanquished Creatures
  A centaur skeleton (D:10)
  A redback zombie (D:10)
  A troll (D:9)
  Prince Ribbit (D:7)
  Grinder (D:4)
  A hornet (D:10)
  4 yaks
  2 hungry ghosts (D:10)
  Eustachio (D:6)
  Edmund (D:5)
  3 porcupines (D:10)
  2 water moccasins
  3 ice beasts
  5 sky beasts
  4 black bears (D:10)
  2 phantoms
  A necrophage (D:7)
  6 ogres
  2 wolves
  A crocodile (D:9)
  2 centaurs
  A bullfrog (D:7)
  A wyvern skeleton (D:10)
  3 scorpions
  8 killer bees
  4 crimson imps
  4 howler monkeys
  5 hounds
  A quasit (D:6)
  3 jellies (D:9)
  Crazy Yiuf (D:2)
  2 orc priests
  An orc wizard (D:9)
  4 iguanas
  Natasha (thrice) (D:4)
  7 worker ants
  A hound skeleton (D:4)
  A worker ant zombie (D:5)
  A howler monkey skeleton (D:6)
  4 gnolls (D:8)
  12 adders
  2 shadow imps
  An ooze (D:4)
  An adder skeleton (D:6)
  3 worms
  A dart slug (D:4)
  2 leopard geckos
  17 orcs
  2 ball pythons (D:4)
  4 giant cockroaches
  11 goblins
  4 hobgoblins
  4 jackals
  9 kobolds
  9 quokkas
  7 bats
  8 frilled lizards
  A jackal skeleton (D:4)
  7 rats
205 creatures vanquished.

Vanquished Creatures (others)
  A fungus (D:10)
  2 spectral weapons
3 creatures vanquished.

Grand Total: 208 creatures vanquished

Notes
Turn   | Place    | Note
-------+----------+-------------------------------------------
     0 | D:1      | Ablot the Gnoll Skald began the quest for the Orb.
     0 | D:1      | Reached XP level 1. HP: 20/20 MP: 6/6
   112 | D:1      | Upgraded the game from 0.24-a0-506-g958ff8eaa0 to
                  | 0.24-a0-507-g3e8b242632
   138 | D:1      | Reached XP level 2. HP: 26/26 MP: 7/7
   290 | D:1      | Learned a level 2 spell: Song of Slaying
   293 | D:1      | Learned a level 2 spell: Shroud of Golubria
   785 | D:1      | Reached XP level 3. HP: 31/31 MP: 1/9
  1214 | D:2      | Reached skill level 5 in Spellcasting
  1229 | D:2      | Found a stormy altar of Qazlal.
  1237 | D:2      | Learned a level 3 spell: Regeneration
  1241 | D:2      | Learned a level 3 spell: Spectral Weapon
  1548 | D:2      | You fall into a shaft and drop 1 floor!
  1603 | D:3      | Reached skill level 1 in Invocations
  1729 | D:2      | Noticed a scorpion
  1746 | D:2      | Killed a scorpion
  1746 | D:2      | Reached skill level 1 in Short Blades
  1746 | D:2      | Reached skill level 1 in Long Blades
  1746 | D:2      | Reached skill level 1 in Axes
  1746 | D:2      | Reached skill level 1 in Maces & Flails
  1746 | D:2      | Reached skill level 1 in Staves
  1746 | D:2      | Reached skill level 1 in Slings
  1746 | D:2      | Reached skill level 1 in Bows
  1746 | D:2      | Reached skill level 1 in Crossbows
  1746 | D:2      | Reached skill level 1 in Throwing
  1746 | D:2      | Reached skill level 1 in Stealth
  1746 | D:2      | Reached skill level 1 in Shields
  1746 | D:2      | Reached skill level 1 in Unarmed Combat
  1746 | D:2      | Reached skill level 1 in Evocations
  1746 | D:2      | Reached XP level 4. HP: 24/38 MP: 3/11
  1907 | D:2      | Reached skill level 1 in Conjurations
  1907 | D:2      | Reached skill level 1 in Hexes
  1907 | D:2      | Reached skill level 1 in Summonings
  1907 | D:2      | Reached skill level 1 in Necromancy
  1907 | D:2      | Reached skill level 1 in Translocations
  1907 | D:2      | Reached skill level 1 in Transmutations
  1907 | D:2      | Reached skill level 1 in Fire Magic
  1907 | D:2      | Reached skill level 1 in Ice Magic
  1907 | D:2      | Reached skill level 1 in Air Magic
  1907 | D:2      | Reached skill level 1 in Earth Magic
  1907 | D:2      | Reached skill level 1 in Poison Magic
  2009 | D:2      | Found a stormy altar of Qazlal.
  2043 | D:2      | Found a runed translucent door.
  2044 | D:2      | Noticed Crazy Yiuf
  2054 | D:2      | Killed Crazy Yiuf
  2054 | D:2      | Reached XP level 5. HP: 43/43 MP: 0/12
  2764 | D:4      | Got a dazzling war axe
  2772 | D:4      | Identified the +9 war axe of a sewer {vamp, *Corrode Int+4
                  | Dex+5} (You found it on level 4 of the Dungeon)
  2888 | D:4      | Reached XP level 6. HP: 40/50 MP: 10/13
  3078 | D:4      | Noticed Natasha
  3087 | D:4      | Killed Natasha
  3190 | D:4      | Noticed Grinder
  3309 | D:4      | Found a staircase to the Ecumenical Temple.
  3324 | Temple   | Entered the Ecumenical Temple
  3390 | D:4      | Found a sacrificial altar of Ru.
  3428 | D:4      | Reached skill level 5 in Fighting
  3428 | D:4      | Reached skill level 5 in Polearms
  3428 | D:4      | Reached skill level 5 in Dodging
  3465 | D:4      | Noticed Natasha
  3477 | D:4      | Killed Natasha
  3691 | D:4      | Noticed Natasha
  3695 | D:4      | Killed Natasha
  3700 | D:4      | Paralysed by Grinder for 7 turns
  3713 | D:4      | Reached XP level 7. HP: 14/56 MP: 1/15
  3724 | D:4      | Killed Grinder
  3939 | D:5      | Entered Level 5 of the Dungeon
  3944 | D:5      | Found a runed translucent door.
  3947 | D:5      | Noticed skumtomte's ghost (novice HOBe)
  4277 | D:5      | Reached XP level 8. HP: 63/63 MP: 7/16
  4817 | D:5      | Found a shimmering altar of Xom.
  4818 | D:5      | Found a hazy altar of Hepliaklqana.
  4819 | D:5      | Noticed a spectral ugly thing
  4860 | D:5      | Noticed Edmund
  4901 | D:5      | Killed Edmund
  5713 | D:6      | Reached XP level 9. HP: 51/69 MP: 10/18
  5771 | D:6      | Noticed Eustachio
  5790 | D:6      | Killed Eustachio
  6431 | D:7      | Found Buche's Magic Scroll Shoppe.
  6431 | D:7      | Found Zyogg's Assorted Antiques.
  6431 | D:7      | Found Famunwol's Assorted Antiques.
  6431 | D:7      | Found Ruqihugge's Book Shoppe.
  6434 | D:7      | Noticed Prince Ribbit
  6451 | D:7      | Killed Prince Ribbit
  6457 | D:7      | Bought a scroll of remove curse for 39 gold pieces
  6496 | D:7      | Reached skill level 5 in Armour
  6884 | D:7      | Found a shadowy altar of Dithmenos.
  6943 | D:7      | Found a shimmering altar of Xom.
  6945 | D:7      | Found a shimmering altar of Xom.
  6945 | D:7      | Found a shimmering altar of Xom.
  6953 | D:7      | Found a shimmering altar of Xom.
  7664 | D:8      | Found a shattered altar of Ashenzari.
  7700 | D:8      | Reached skill level 5 in Invocations
  7893 | D:8      | Found an iron altar of Okawaru.
  7899 | D:8      | Became a worshipper of Warmaster Okawaru
  7999 | D:8      | Noticed a manticore
  8012 | D:8      | Noticed a death knight
  8119 | D:8      | Found a glowing silver altar of Zin.
  8119 | D:8      | Found a glowing golden altar of the Shining One.
  8120 | D:8      | Found a bloodstained altar of Trog.
  8509 | D:9      | Found a basalt altar of Yredelemnul.
  8535 | D:9      | Found an opulent altar of Gozag.
  8611 | D:9      | Reached XP level 10. HP: 73/77 MP: 16/20
  9340 | D:9      | Reached skill level 5 in Short Blades
  9340 | D:9      | Reached skill level 5 in Long Blades
  9340 | D:9      | Reached skill level 5 in Axes
  9340 | D:9      | Reached skill level 5 in Maces & Flails
  9340 | D:9      | Reached skill level 5 in Staves
  9340 | D:9      | Reached skill level 5 in Slings
  9340 | D:9      | Reached skill level 5 in Bows
  9340 | D:9      | Reached skill level 5 in Crossbows
  9340 | D:9      | Reached skill level 5 in Throwing
  9340 | D:9      | Reached skill level 5 in Stealth
  9340 | D:9      | Reached skill level 5 in Shields
  9340 | D:9      | Reached skill level 5 in Unarmed Combat
  9340 | D:9      | Reached skill level 5 in Evocations
  9461 | D:10     | Entered Level 10 of the Dungeon
  9472 | D:10     | Reached * piety under Okawaru
  9958 | D:10     | Reached ** piety under Okawaru
 10381 | D:10     | Found a staircase to the Lair.
 10702 | D:10     | Reached XP level 11. HP: 74/84 MP: 19/22
 10825 | D:10     | Reached *** piety under Okawaru
 10958 | D:10     | HP: 2/84 [crocodile (6)]
 10960 | D:10     | Slain by a basilisk

Levels and vault maps discovered:
D:1:      psy_arrival_radial02, layout_loops_ring
D:2:      layout_loops_cross, marbit_many_paths, grunt_qazlal_sundering,
          uniq_crazy_yiuf_cottage
D:3:      layout_basic
D:4:      layout_basic, lemuel_crystal_altar, minmay_temple_entry_waves,
          first_ration, uniq_natasha, uniq_grinder
D:5:      layout_cave_pods, regret_index_temple_of_mockery,
          hellmonk_ghost_happy_afterlife, uniq_edmund
D:6:      layout_gridville, minmay_crystal_room, grunt_tough_drop,
          uniq_eustachio
D:7:      layout_gridville, nicolae_dithmenos_the_darkroom,
          minmay_shop_grid_forest, xom_redecorated, uniq_prince_ribbit1
D:8:      minmay_the_grid_octo_triangle [minmay_the_grid_octo_77,
          minmay_the_grid_octo_prize_ultimate_mussel_roller,
          minmay_the_grid_octo_empty], layout_basic, ashenzari_altar_1,
          old_standard_altar, gammafunk_temple_overflow_claw
D:9:      kennysheep_six_static_rooms, layout_loops_ring,
          chequers_temple_overflow_statue_of_worship
D:10:     layout_basic, minmay_lair_entry_grove, special_room [special_room_bee]
Temple:   eino_wide_crystal_templ

Skill      XL: |  1  2  3  4  5  6  7  8  9 10 |
---------------+-------------------------------+-----
Spellcasting   | 5 6 7 |  7.8
Invocations    | 1 2 3 4 5 6 |  6.4
Short Blades   | 1 2 3 4 5 |  5.8
Long Blades    | 1 2 3 4 5 |  5.8
Axes           | 1 2 3 4 5 |  5.8
Maces & Flails | 1 2 3 4 5 |  5.8
Staves         | 1 2 3 4 5 |  5.8
Slings         | 1 2 3 4 5 |  5.8
Bows           | 1 2 3 4 5 |  5.8
Crossbows      | 1 2 3 4 5 |  5.8
Throwing       | 1 2 3 4 5 |  5.8
Stealth        | 1 2 3 4 5 |  5.8
Shields        | 1 2 3 4 5 |  5.8
Unarmed Combat | 1 2 3 4 5 |  5.8
Evocations     | 1 2 3 4 5 |  5.8
Conjurations   | 1 2 3 4 |  4.8
Hexes          | 1 2 3 4 |  4.8
Summonings     | 1 2 3 4 |  4.8
Necromancy     | 1 2 3 4 |  4.8
Translocations | 1 2 3 4 |  4.8
Transmutations | 1 2 3 4 |  4.8
Fire Magic     | 1 2 3 4 |  4.8
Ice Magic      | 1 2 3 4 |  4.8
Air Magic      | 1 2 3 4 |  4.8
Earth Magic    | 1 2 3 4 |  4.8
Poison Magic   | 1 2 3 4 |  4.8
Armour         | 3 4 5 6 |  6.4
Fighting       | 5 6 7 |  7.5
Polearms       | 5 6 7 |  7.5
Dodging        | 5 6 7 |  7.5
Charms         | 6 7 |  7.4

Action                   |  1- 3 |  4- 6 |  7- 9 | 10-12 || total
-------------------------+-------+-------+-------+-------++-------
Melee: Spear             |   150 |   206 |   445 |   331 ||  1132
       Bite              |    12 |    13 |    52 |    47 ||   124
       Punch             |       |     1 |     9 |    12 ||    22
Throw: Dart              |       |    23 |     4 |     2 ||    29
 Cast: Shroud of Golubri |     5 |    10 |    36 |    27 ||    78
       Infusion          |     4 |     5 |    19 |    10 ||    38
       Regeneration      |       |     2 |     6 |     6 ||    14
       Spectral Weapon   |       |     2 |    26 |    28 ||    56
       Song of Slaying   |       |       |       |     4 ||     4
  Use: Scroll            |       |     3 |     1 |     4 ||     8
       Potion            |       |       |     1 |     1 ||     2
 Stab: Distracted        |     1 |       |     4 |     4 ||     9
       Sleeping          |     2 |     7 |    15 |     6 ||    30
  Eat: Chunk             |     3 |     7 |    18 |     9 ||    37
Armor: Leather armour    |     8 |    24 |    55 |    46 ||   133
Dodge: Dodged            |    61 |   106 |   237 |   245 ||   649

Table legend:
 A = Non-vault XP
 B = Vault XP
 C = Vault XP percentage of total XP
 D = Non-vault monster count
 E = Vault monster count
 F = Vault count percentage of total count
                 A         B        C        D         E       F
            +---------+---------+-------+---------+---------+-------
      Total |    6792 |    3447 |  33.7 |     169 |      36 |  17.6
            +---------+---------+-------+---------+---------+-------
        D:1 |      36 |       0 |   0.0 |      23 |       0 |   0.0
        D:2 |     133 |      42 |  24.0 |      25 |       2 |   7.4
        D:3 |      10 |       0 |   0.0 |       6 |       0 |   0.0
        D:4 |     415 |     316 |  43.2 |      21 |       2 |   8.7
        D:5 |     662 |     166 |  20.0 |      16 |       1 |   5.9
        D:6 |     781 |     256 |  24.7 |      19 |       5 |  20.8
        D:7 |     868 |     283 |  24.6 |      19 |       1 |   5.0
        D:8 |     330 |       3 |   0.9 |       7 |       1 |  12.5
        D:9 |    1207 |     982 |  44.9 |      20 |      10 |  33.3
       D:10 |    2350 |    1399 |  37.3 |      13 |      14 |  51.9
            +---------+---------+-------+---------+---------+-------
